 Dungeon Crawl Stone Soup version 0.30-b1-2-g02819fbbbe (webtiles) character file.

Game seed: 8322898608144689232

9529 Borgoz the Fighter (level 11, -3/109 HPs)
             Began as a Gargoyle Berserker on June 22, 2023.
             Was an Elder of Trog.
             Slain by a two-headed ogre
             ... wielding the +10 dark maul {heavy}
              (40 damage)
             ... on level 10 of the Dungeon.
             The game lasted 00:18:21 (9039 turns).

Borgoz the Fighter (Gargoyle Berserker)             Turns: 9039, Time: 00:18:22

Health: -3/109     AC: 37    Str: 27    XL:     11   Next: 47%
Magic:  11/11      EV: 16    Int:  8    God:    Trog [****..]
Gold:   366        SH:  5    Dex: 17    Spells: 10/10 levels left

rFire   + . .        o - +2 dire flail (protect)
rCold   . . .        (shield currently unavailable)
rNeg    + . .        R - +0 plate armour {rF+}
rPois   ∞            w - +0 helmet
rElec   +            x - +1 cloak
rCorr   .            z - +0 pair of gloves
SInv    .            c - +1 pair of boots
Will    .....        q - amulet of reflection Stlth
                     g - +6 ring of strength
HPRegen 0.38/turn    n - ring of the Kraken {EV+5 Dex+4}
MPRegen 0.12/turn

%: reflection
@: berserking, under a protective aura, very quick
A: sickness immunity, AC +8, negative energy resistance 1, electricity
resistance, torment resistance 1, petrification resistance
a: Renounce Religion, Berserk, Trog's Hand, Brothers in Arms


You were on level 10 of the Dungeon.
You worshipped Trog.
Trog was greatly pleased with you.
You visited 2 branches of the dungeon, and saw 11 of its levels.
You also visited: Sewer and Bailey.

You collected 568 gold pieces.
You spent 202 gold pieces at shops.

Inventory:

Hand Weapons
 a - a +0 mace of freezing
 b - a +1 heavy dire flail
 o - a +2 dire flail of protection (weapon)
 P - a +0 dire flail
Missiles
 l - 61 poisoned darts (quivered)
 H - a curare-tipped dart
Armour
 c - a +1 pair of boots (worn)
 k - a +0 troll leather armour
 w - a +0 helmet (worn)
 x - a +1 cloak (worn)
 z - a +0 pair of gloves (worn)
 R - a +0 plate armour of fire resistance (worn)
Jewellery
 e - a +6 ring of dexterity
 g - a +6 ring of strength (left hand)
 n - the ring of the Kraken (right hand) {EV+5 Dex+4}
   (You took it off a goblin on level 2 of the Dungeon)

   [ring of evasion]

   EV:        It affects your evasion (+5).
   Dex:       It affects your dexterity (+4).
 q - an amulet of reflection (around neck)
 r - the ring "Locraox" {Fire rPois Will+ Int+3}
   (You found it on level 3 of the Dungeon)

   [ring of fire]

   It enhances your fire magic.
   Int:       It affects your intelligence (+3).
   rF:        It protects you from fire.
   rC:        It makes you vulnerable to cold.
   rPois:     It protects you from poison.
   Will:      It increases your willpower.
 F - a +6 ring of strength
 Q - an amulet of guardian spirit
Wands
 y - a wand of charming (12)
 B - a wand of flame (12)
 I - a wand of digging (4)
 J - a wand of iceblast (17)
Scrolls
 f - 3 scrolls of fear
 j - 2 scrolls of enchant armour
 m - 4 scrolls of teleportation
 p - 2 scrolls of blinking
 t - 2 scrolls of brand weapon
 D - a scroll of fog {unknown}
 E - a scroll of poison
 L - a scroll of torment {unknown}
 M - a scroll of silence {unknown}
 O - a scroll of acquirement {unknown}
Potions
 d - 7 potions of cancellation
 h - a potion of attraction
 i - 6 potions of heal wounds
 s - 3 potions of mutation
 u - 2 potions of flight {unknown}
 v - 4 potions of curing
 A - 2 potions of might
 G - a potion of berserk rage
 K - 7 potions of haste
 N - 3 potions of invisibility


   Skills:
 * Level 10.3 Fighting
 * Level 9.4 Maces & Flails
 * Level 9.9 Armour
 * Level 7.6 Dodging


You had 10 spell levels left.
You didn't know any spells.
Your spell library was empty.

Dungeon Overview and Level Annotations

Branches:
Dungeon (10/15)            Temple (1/1) D:5           Sewer (visited)
 Bailey (visited)
   Lair: D:8-11         Orc: D:9-12

Altars:
Ashenzari
Cheibriados
Dithmenos
Elyvilon
Fedhas
Gozag
Hepliaklqana
Kikubaaqudgha
Makhleb
Nemelex Xobeh
Qazlal
Trog
Uskayaw
Vehumet
Wu Jian
Xom
Yredelemnul
Zin
The Shining One

Shops:
D:7 (?[[*   D:8 =!*[

Annotations:
Temple 4 transporters


Innate Abilities, Weirdness & Mutations

You are immune to sickness and miasma.
Your stone body is resilient. (AC +8)
You are immune to poison.
You resist negative energy. (rN+)
You are resistant to electric shocks. (rElec)
You are resistant to unholy torment.
You are immune to petrification.


Message History

You block the troll's attack.
You hit the troll.
The troll is severely wounded.
You block the troll's attack. The troll misses you.
The troll claws you but does no damage.
You completely miss the troll.
The troll is severely wounded.
The troll bites you but does no damage. The troll closely misses you.
You block the troll's attack.
You puncture the troll!
The troll is almost dead.
You puncture the troll!
You kill the troll!
Trog accepts your kill.
You hit the two-headed ogre.
The two-headed ogre is lightly wounded.
The wraith hits you but does no damage.
The two-headed ogre hits you with the +10 dark maul {heavy}!!!
Ouch! That really hurt!
The two-headed ogre barely misses you.
A red film seems to cover your vision as you go berserk!
You feel yourself moving faster!
You feel mighty! The wraith hits you but does no damage.
The two-headed ogre barely misses you.
The two-headed ogre hits you with a +0 giant spiked club.
You are too injured to fight recklessly!
You barely miss the two-headed ogre.
The two-headed ogre is lightly wounded.
The wraith completely misses you.
You sock the two-headed ogre!
The two-headed ogre is moderately wounded.
You bludgeon the two-headed ogre!!
The two-headed ogre is almost dead.
You block the wraith's attack.
The two-headed ogre barely misses you. x2
You completely miss the two-headed ogre.
The two-headed ogre is almost dead.
The wraith hits you but does no damage.
You puncture the two-headed ogre!
The two-headed ogre is almost dead.
The two-headed ogre hits you with the +10 dark maul {heavy}!!!
You die...

## ## ##. .# ..#. ...
#.# .
####.############....
#...........O@W....#
#.##.###.##########..
#. #.# #.### #.##.#
#...# #....# ##..#
#..### #''# #.#..#
#..#... #.#..#
#O.#..# #.#..#
#..#..# .


You could see a two-headed ogre and a wraith.

Vanquished Creatures
  3 two-headed ogres
  Pikel (D:7)
  An orc knight (Bailey)
  A cyclops (D:10)
  3 trolls (D:10)
  A wyvern (D:7)
  A vampire (D:10)
  7 yaks (D:5)
  Menkaure (D:6)
  A steam dragon (D:7)
  An acid dragon (D:9)
  A water moccasin (D:9)
  4 orc warriors
  2 sky beasts
  2 black bears
  An ice beast (D:5)
  3 ogres
  2 centaurs
  3 bullfrogs
  4 kobold brigands
  5 scorpions
  8 wights
  4 killer bees (D:8)
  A howler monkey (D:5)
  5 hounds
  Crazy Yiuf (D:5)
  7 orc priests
  2 gnoll boudas
  2 jellies
  3 iguanas
  5 orc wizards
  Robin (D:4)
  9 adders
  24 gnolls
  2 shadow imps (D:6)
  A white imp (D:6)
  2 ufetubi
  3 worms (D:2)
  A dart slug (D:4)
  50 orcs
  4 bats
  5 endoplasms
  14 giant cockroaches
  13 goblins
  14 hobgoblins
  3 jackals (D:2)
  11 quokkas
  8 ball pythons
  11 frilled lizards
  18 kobolds
  9 rats
289 creatures vanquished.

Vanquished Creatures (others)
  A troll (D:9)
  A gnoll (D:5)
  An orc (D:9)
  A kobold (D:7)
  10 fungi (D:5)
14 creatures vanquished.

Grand Total: 303 creatures vanquished

Notes
Turn   | Place    | Note
-------+----------+-------------------------------------------
     0 | D:1      | Borgoz the Gargoyle Berserker began the quest for the Orb.
     0 | D:1      | Reached XP level 1. HP: 14/14 MP: 1/1
   228 | D:1      | Reached XP level 2. HP: 17/19 MP: 2/2
   269 | D:1      | Found a faded altar of an unknown god.
   592 | D:2      | Reached XP level 3. HP: 14/24 MP: 3/3
   820 | D:2      | Reached XP level 4. HP: 23/29 MP: 4/4
   827 | D:2      | Reached skill level 4 in Fighting
   836 | D:2      | Reached ** piety under Trog
   953 | D:2      | Reached XP level 5. HP: 9/33 MP: 5/5
  1062 | D:2      | Identified the staff of poison "Luemuiq" {rPois rF- MP+9
                  | Int+2 Dex+4}
  1194 | D:2      | Identified the ring of the Kraken {EV+5 Dex+4}
  1544 | D:3      | Identified the ring "Locraox" {Fire rPois Will+ Int+3}
  1910 | D:4      | Reached XP level 6. HP: 39/39 MP: 6/6
  1988 | D:4      | Noticed a sky beast
  1998 | D:4      | Killed a sky beast
  2243 | D:4      | Reached skill level 5 in Fighting
  2243 | D:4      | Reached XP level 7. HP: 44/44 MP: 7/7
  2454 | D:4      | Noticed Robin
  2455 | D:4      | Reached *** piety under Trog
  2463 | D:4      | Killed Robin
  2699 | D:4      | Reached skill level 5 in Maces & Flails
  2987 | D:5      | Entered Level 5 of the Dungeon
  3009 | D:5      | Reached skill level 5 in Armour
  3076 | D:5      | Reached XP level 8. HP: 45/51 MP: 8/8
  3138 | D:5      | Reached skill level 6 in Fighting
  3382 | D:5      | Noticed a yak
  3382 | D:5      | Noticed a yak
  3383 | D:5      | Noticed a yak
  3392 | D:5      | Killed a yak
  3393 | D:5      | Killed a yak
  3396 | D:5      | Killed a yak
  3397 | D:5      | Reached skill level 7 in Fighting
  3397 | D:5      | Reached XP level 9. HP: 46/57 MP: 9/9
  3411 | D:5      | Reached **** piety under Trog
  3414 | D:5      | Found a glowing drain.
  3432 | D:5      | Reached skill level 5 in Dodging
  3458 | Sewer    | Entered a sewer
  4335 | D:5      | Found a staircase to the Ecumenical Temple.
  4344 | Temple   | Entered the Ecumenical Temple
  4344 | Temple   | Found a transporter.
  4344 | Temple   | Found a transporter.
  4346 | Temple   | Found a transporter.
  4346 | Temple   | Found a transporter.
  4425 | D:5      | Found a runed translucent door.
  4426 | D:5      | Noticed Crazy Yiuf
  4543 | D:5      | Killed Crazy Yiuf
  4962 | D:6      | Noticed Menkaure
  4981 | D:6      | Killed Menkaure
  4982 | D:6      | Reached skill level 8 in Fighting
  5729 | D:7      | Reached XP level 10. HP: 42/64 MP: 10/10
  5797 | D:7      | Reached ***** piety under Trog
  5860 | D:7      | Found Fuorueq's Magic Scroll Emporium.
  5865 | D:7      | Found a shadowy altar of Dithmenos.
  5946 | D:7      | Found Roinkip's Antique Armour Shoppe.
  6045 | D:7      | Noticed Pikel
  6055 | D:7      | Killed Pikel
  6137 | D:7      | Bought a scroll of identify for 28 gold pieces
  6225 | D:7      | Found Qal Wyl's Antique Weapon Shop.
  6324 | D:7      | Found Fejajen's Antique Armour Shop.
  6426 | D:7      | Found Ejoellit's Assorted Antiques.
  6429 | D:7      | Bought a scroll labelled ZUWYTS HEGIAN for 23 gold pieces
  6429 | D:7      | Bought a scroll labelled ZUWYTS HEGIAN for 23 gold pieces
  6429 | D:7      | Bought a scroll labelled VORENO WOWOUXT for 23 gold pieces
  6429 | D:7      | Bought a metallic yellow potion for 20 gold pieces
  6429 | D:7      | Bought an amethyst potion for 20 gold pieces
  6429 | D:7      | Bought a scroll of identify for 46 gold pieces
  6772 | D:8      | Identified the +0 robe of Beogh's Outrage {Regen+ Int+7
                  | Dex-4}
  6847 | D:8      | Found Bedaoshrino's Distillery.
  6890 | D:8      | Reached skill level 9 in Fighting
  6890 | D:8      | Received a gift from Trog
  6935 | D:8      | Found Pafaj's Assorted Antiques.
  6943 | D:8      | Bought a brown potion for 19 gold pieces
  6953 | D:8      | Found Uwoshij's Armour Boutique.
  7060 | D:8      | Found an ornate altar of the Wu Jian Council.
  7092 | D:8      | Noticed a two-headed ogre
  7100 | D:8      | Killed a two-headed ogre
  7568 | D:8      | Found Itaugg's Jewellery Boutique.
  7723 | D:9      | Found a flagged portal.
  7781 | Bailey   | Entered a bailey
  8024 | Bailey   | Noticed an orc knight
  8051 | Bailey   | Killed an orc knight
  8052 | Bailey   | Reached XP level 11. HP: 42/72 MP: 11/11
  8218 | D:9      | Identified the +6 arbalest of No Interval {freeze, Int+2}
  8569 | D:9      | Found a blossoming altar of Fedhas.
  8571 | D:9      | Found a white marble altar of Elyvilon.
  8712 | D:10     | Entered Level 10 of the Dungeon
  8748 | D:10     | Noticed a two-headed ogre
  8756 | D:10     | Killed a two-headed ogre
  8757 | D:10     | Reached skill level 10 in Fighting
  8942 | D:10     | Noticed a two-headed ogre
  8950 | D:10     | Killed a two-headed ogre
  8990 | D:10     | Noticed a cyclops
  9005 | D:10     | Killed a cyclops
  9007 | D:10     | Noticed a two-headed ogre
  9039 | D:10     | Slain by a two-headed ogre

Illustrated notes

Levels and vault maps discovered:
D:1:      erik_arrival_orb_chamber, layout_rooms,
          shapermc_ecumenical_altar_venn, minmay_tromino_v4_b
D:2:      layout_rooms
D:3:      layout_basic
D:4:      layout_loops_cross, uniq_robin
D:5:      layout_rooms, lemuel_temple_firewalk_a, gup_sewer_entry_pipe,
          dreamdust_gnoll_farm, uniq_crazy_yiuf_cottage
D:6:      layout_gridville, uniq_menkaure
D:7:      layout_basic, nicolae_dithmenos_the_darkroom, serial_shops,
          nicolae_shop_tiny_real_fake_doors, shop,
          nicolae_shop_advertising_works [nicolae_subvault_shop_adworks],
          nicolae_shop_temple_entry_statues_fountains, nicolae_shop_tiny_glass,
          uniq_pikel
D:8:      layout_basic, nzn_wu_jian_council_hall, serial_shops, shop_statue,
          nicolae_shop_real_fake_doors, nicolae_stop_n_shop_2, shop
D:9:      layout_basic, chequers_temple_overflow_statue_of_worship,
          enter_bailey_6, corexii_leaking_fountain
D:10:     layout_loops_ring, hellmonk_okawaru_the_only_friend_you_need,
          erik_lair_orcish_takeover, hellmonk_guarded_unrand_dark_maul
Temple:   hellmonk_temple_divided_pantheon

Skill      XL: |  1  2  3  4  5  6  7  8  9 10 11 |
---------------+----------------------------------+-----
Dodging        | 2 3 4 6 7 |  7.6
Armour         | 3 4 5 6 7 9 |  9.9
Fighting       | 4 5 7 8 9 10 | 10.3
Maces & Flails | 4 5 6 7 8 9 |  9.4

Action                     |  1- 3 |  4- 6 |  7- 9 | 10-12 || total
---------------------------+-------+-------+-------+-------++-------
  Melee: Mace              |   111 |   135 |   472 |   426 ||  1144
         Punch             |     1 |       |     8 |     6 ||    15
         Dire flail        |       |       |       |    33 ||    33
  Throw: Dart              |       |     3 |     2 |     1 ||     6
 Invoke: Berserk           |     1 |     2 |     4 |     4 ||    11
         Trog's Hand       |       |     2 |     2 |     3 ||     7
    Use: Scroll            |     4 |     7 |     5 |     7 ||    23
         Potion            |       |       |     1 |       ||     1
 Armour: Animal skin       |    80 |    40 |       |       ||   120
         Chain mail        |       |    17 |    81 |       ||    98
         Plate armour      |       |       |    95 |   200 ||   295
  Dodge: Dodged            |   111 |    96 |   403 |   367 ||   977
  Block: Other             |       |       |    95 |   108 ||   203
         Reflection        |       |       |     1 |     3 ||     4
